[Event "EYCC Open-U18 2019"]
[Site "Bratislava"]
[Date "2019.08.03"]
[Round "2.2"]
[White "Van Foreest, Lucas"]
[Black "Garayev, Kanan"]
[Result "1/2-1/2"]
[ECO "C42"]
[WhiteElo "2521"]
[BlackElo "2351"]
[Annotator "ChessBase"]
[PlyCount "117"]
[EventDate "2019.08.02"]
[EventType "swiss"]
[EventCountry "SVK"]
[SourceTitle "playchess.com"]
[Source "ChessBase"]
[SourceQuality "1"]
[TimeControl "40/5400+30:1800+30"]

1. e4 e5 2. Nf3 Nf6 3. Nxe5 d6 4. Nf3 Nxe4 5. Bd3 Nf6 6. O-O Be7 7. Re1 O-O 8. Bf1 Re8 9. d4 Bg4 10. c4 Nc6 11. Be3 d5 12. Nc3 dxc4 13. Bxc4 Bh5 14. Bb3 Bxf3 15. Qxf3 Nxd4 16. Bxd4 Qxd4 17. Rad1 Qb6 18. Nd5 Nxd5 19. Bxd5 Bf6 20. Bxb7 Rxe1+ 21. Rxe1 Rd8 22. b3 Qb4 23. Rf1 Qc3 24. Qe2 Qd2 25. Qc4 Qc3 26. Qe2 Qd2 27. Qa6 Bd4 28. Bd5 Bb6 29. Bc4 g6 30. Qb7 Kg7 31. Qf3 Rd7 32. a4 Qd4 33. g3 Qf6 34. Qxf6+ Kxf6 35. Re1 Rd2 36. Re2 Rxe2 37. Bxe2 a5 38. Kg2 Bc5 39. Bc4 g5 40. f3 h5 41. f4 gxf4 42. gxf4 Be3 43. Kf3 Bg1 44. h3 Bc5 45. Ke4 h4 46. Kf3 Bb4 47. Kg4 Be1 48. Bd5 c5 49. Bc4 Bf2 50. Kf3 Be1 51. Ke4 Bd2 52. Bd3 Ke6 53. Bc4+ Kf6 54. Be2 Ke6 55. Bg4+ Kf6 56. Be2 Ke6 57. Bg4+ Kf6 58. Be2 Ke6 59. Bg4+ {[%emt 0:00:04] Ke5+} 1/2-1/2

[Event "EYCC Open-U18 2019"]
[Site "Bratislava"]
[Date "2019.08.03"]
[Round "2.3"]
[White "Ciorgovean, Iustin"]
[Black "Nguyen, Thai Dai Van"]
[Result "1/2-1/2"]
[ECO "E32"]
[WhiteElo "2330"]
[BlackElo "2535"]
[Annotator "ChessBase"]
[PlyCount "53"]
[EventDate "2019.08.02"]
[EventType "swiss"]
[EventCountry "SVK"]
[SourceTitle "playchess.com"]
[Source "ChessBase"]
[SourceQuality "1"]
[TimeControl "40/5400+30:1800+30"]

1. d4 Nf6 2. c4 e6 3. Nc3 Bb4 4. Qc2 O-O 5. a3 Bxc3+ 6. Qxc3 b6 7. Bg5 Bb7 8. e3 h6 9. Bh4 d6 10. Ne2 Nbd7 11. Qc2 c5 12. Rd1 Qe7 13. Nc3 cxd4 14. Rxd4 Rfd8 15. f3 d5 16. cxd5 exd5 17. Bf2 Nc5 18. Be2 Ne6 19. Rd1 d4 20. exd4 Nf4 21. O-O N6d5 22. Rfe1 Ne3 23. Bxe3 Qxe3+ 24. Kf1 Qe7 25. Bd3 Qh4 26. Kg1 Rxd4 27. Be4 1/2-1/2

[Event "EYCC Open-U18 2019"]
[Site "Bratislava"]
[Date "2019.08.03"]
[Round "2.4"]
[White "Bjerre, Jonas Buhl"]
[Black "Leisch, Lukas"]
[Result "1-0"]
[ECO "E06"]
[WhiteElo "2503"]
[BlackElo "2327"]
[Annotator "ChessBase"]
[PlyCount "51"]
[EventDate "2019.08.02"]
[EventType "swiss"]
[EventCountry "SVK"]
[SourceTitle "playchess.com"]
[Source "ChessBase"]
[SourceQuality "1"]
[TimeControl "40/5400+30:1800+30"]

1. d4 e6 2. c4 Nf6 3. Nf3 d5 4. g3 Be7 5. Bg2 O-O 6. O-O dxc4 7. Ne5 Nc6 8. Nxc6 bxc6 9. Na3 Bxa3 10. bxa3 Ba6 11. Bxc6 Rb8 12. Re1 Bb7 13. Bxb7 Rxb7 14. Bg5 c5 15. dxc5 Qa5 16. Qd4 Rc7 17. Bd2 Qxa3 18. Qxc4 Rfc8 19. Be3 Nd7 20. Rac1 Nxc5 21. Red1 Na6 22. Qb5 h6 23. Rxc7 Rxc7 24. Rd3 Qxa2 25. Rd6 Nc5 26. Bxc5 1-0

[Event "EYCC Open-U18 2019"]
[Site "Bratislava"]
[Date "2019.08.03"]
[Round "2.5"]
[White "Oboladze, Luka"]
[Black "Engel, Luis"]
[Result "1/2-1/2"]
[ECO "D38"]
[WhiteElo "2323"]
[BlackElo "2509"]
[Annotator "ChessBase"]
[PlyCount "86"]
[EventDate "2019.08.02"]
[EventType "swiss"]
[EventCountry "SVK"]
[SourceTitle "playchess.com"]
[Source "ChessBase"]
[SourceQuality "1"]
[TimeControl "40/5400+30:1800+30"]

1. d4 Nf6 2. c4 e6 3. Nf3 d5 4. Nc3 Bb4 5. Bg5 h6 6. Bxf6 Qxf6 7. Qa4+ Nc6 8. e3 O-O 9. Be2 dxc4 10. Bxc4 e5 11. O-O exd4 12. Nd5 Qd6 13. Nxb4 Nxb4 14. Rad1 c5 15. exd4 Bg4 16. dxc5 Qxc5 17. Rc1 Qd6 18. Qb3 Nc6 19. Bd5 Rad8 20. Bxc6 bxc6 21. Qc3 Rfe8 22. h3 Be6 23. b3 Bd5 24. Nd4 Qg6 25. f3 Qg5 26. Rfe1 h5 27. Rxe8+ Rxe8 28. Re1 Rxe1+ 29. Qxe1 c5 30. h4 Qg6 31. Qe5 cxd4 32. Qxd5 Qb6 33. Kf1 g6 34. Qa8+ Kg7 35. Qd5 Qa6+ 36. Ke1 Qd3 37. Qe5+ Kh7 38. Qe2 Qb1+ 39. Kf2 Qc1 40. Qe7 Qd2+ 41. Kg3 Kg7 42. Qe5+ Kg8 43. Qe8+ Kg7 1/2-1/2

[Event "EYCC Open-U18 2019"]
[Site "Bratislava"]
[Date "2019.08.03"]
[Round "2.6"]
[White "Stevanic, David"]
[Black "Gumularz, Szymon"]
[Result "1/2-1/2"]
[ECO "B22"]
[WhiteElo "2306"]
[BlackElo "2502"]
[Annotator "ChessBase"]
[PlyCount "40"]
[EventDate "2019.08.02"]
[EventType "swiss"]
[EventCountry "SVK"]
[SourceTitle "playchess.com"]
[Source "ChessBase"]
[SourceQuality "1"]
[TimeControl "40/5400+30:1800+30"]

1. e4 c5 2. c3 Nf6 3. e5 Nd5 4. d4 cxd4 5. Nf3 Nc6 6. cxd4 d6 7. Bc4 dxe5 8. Nxe5 e6 9. Nxc6 bxc6 10. O-O Be7 11. Nc3 O-O 12. Be3 a5 13. Rc1 Ba6 14. b3 Bxc4 15. bxc4 Nxc3 16. Rxc3 Bf6 17. Rd3 a4 18. d5 cxd5 19. cxd5 exd5 20. Rxd5 Qc8 1/2-1/2

[Event "EYCC Open-U18 2019"]
[Site "Bratislava"]
[Date "2019.08.03"]
[Round "2.7"]
[White "Vrolijk, Liam"]
[Black "Iliaguev, Nisim"]
[Result "1-0"]
[ECO "E20"]
[WhiteElo "2478"]
[BlackElo "2357"]
[Annotator "ChessBase"]
[PlyCount "95"]
[EventDate "2019.08.02"]
[EventType "swiss"]
[EventCountry "SVK"]
[SourceTitle "playchess.com"]
[Source "ChessBase"]
[SourceQuality "1"]
[TimeControl "40/5400+30:1800+30"]

1. d4 Nf6 2. c4 e6 3. Nc3 Bb4 4. f3 d5 5. a3 Bxc3+ 6. bxc3 O-O 7. cxd5 exd5 8. e3 b6 9. Bd3 Ba6 10. Ne2 Bxd3 11. Qxd3 Nbd7 12. O-O c5 13. Ng3 Re8 14. Bb2 Rc8 15. Rfe1 Re6 16. Rad1 cxd4 17. cxd4 Qc7 18. Rd2 Rce8 19. e4 dxe4 20. fxe4 Qf4 21. e5 Ng4 22. Rde2 Rc8 23. h3 Nh6 24. Ne4 Qh4 25. Nd6 Rf8 26. d5 Nc5 27. Qd4 Qxd4+ 28. Bxd4 Re7 29. g4 Nd3 30. g5 Nxe1 31. Rxe1 f6 32. gxh6 fxe5 33. Bxe5 Rf6 34. Nc8 Rg6+ 35. Kh2 Re8 36. Nxa7 Rxh6 37. Nc6 Rd6 38. Rd1 Rd7 39. Rd2 Rc8 40. Nb4 Re8 41. Nc6 Rc8 42. Bf4 h6 43. Ne5 Rd6 44. Ng4 Rdd8 45. d6 g5 46. Nxh6+ Kh7 47. Bxg5 Rd7 48. Ng4 1-0

[Event "EYCC Open-U18 2019"]
[Site "Bratislava"]
[Date "2019.08.03"]
[Round "2.8"]
[White "Omorjan, Dejan"]
[Black "Pechac, Jergus"]
[Result "1/2-1/2"]
[ECO "D30"]
[WhiteElo "2317"]
[BlackElo "2469"]
[Annotator "ChessBase"]
[PlyCount "120"]
[EventDate "2019.08.02"]
[EventType "swiss"]
[EventCountry "SVK"]
[SourceTitle "playchess.com"]
[Source "ChessBase"]
[SourceQuality "1"]
[TimeControl "40/5400+30:1800+30"]

1. d4 d5 2. c4 c6 3. Nf3 Nf6 4. e3 e6 5. Nbd2 a6 6. Bd3 dxc4 7. Nxc4 c5 8. O-O Nc6 9. a3 cxd4 10. exd4 Be7 11. Nce5 Bd7 12. Bf4 O-O 13. Rc1 Rc8 14. Qe2 Be8 15. Rcd1 Nd5 16. Bg3 Kh8 17. Rfe1 Bf6 18. Qe4 g6 19. h4 Nce7 20. Bh2 Nf5 21. Ng4 Bg7 22. Nge5 Kg8 23. h5 gxh5 24. Qe2 Ba4 25. Rc1 Qf6 26. b3 Rxc1 27. Rxc1 Qh6 28. Re1 Be8 29. Bxf5 exf5 30. Nh4 Qe6 31. Qf3 f4 32. Bxf4 Qf6 33. Qxd5 Qxf4 34. Nhf3 b5 35. b4 Kh8 36. Nd3 Qh6 37. Ng5 Qf6 38. Rxe8 Rxe8 39. Nxf7+ Kg8 40. Ng5+ Kh8 41. Ne5 Bf8 42. Qd7 Re7 43. Qd8 Kg7 44. Ne4 Qf4 45. Ng3 Qc1+ 46. Kh2 Qf4 47. Kh3 Kh8 48. Qc8 Qf6 49. Nf5 Re6 50. g4 hxg4+ 51. Kxg4 Kg8 52. Kf4 Rd6 53. Ke4 Rd8 54. Qc3 Qe6 55. Qg3+ Kh8 56. Qg5 Re8 57. f4 Qc6+ 58. Kd3 Qe6 59. Ke4 Qc6+ 60. Kd3 Qe6 1/2-1/2

[Event "EYCC Open-U18 2019"]
[Site "Bratislava"]
[Date "2019.08.03"]
[Round "2.9"]
[White "Levitskiy, Andrey"]
[Black "Erenberg, Ariel"]
[Result "1-0"]
[ECO "B33"]
[WhiteElo "2280"]
[BlackElo "2442"]
[Annotator "NA"]
[PlyCount "59"]
[EventDate "2019.08.02"]
[EventType "swiss"]
[EventCountry "SVK"]
[SourceTitle "playchess.com"]
[Source "ChessBase"]
[SourceQuality "1"]
[TimeControl "40/5400+30:1800+30"]

1. e4 c5 2. Nf3 Nc6 3. d4 cxd4 4. Nxd4 Nf6 5. Nc3 e5 6. Ndb5 d6 7. Bg5 a6 8. Na3 b5 9. Nd5 Be7 10. Bxf6 Bxf6 11. c4 b4 12. Nc2 O-O 13. g3 Bg5 14. Bg2 a5 15. O-O Be6 16. Qe2 Rc8 17. Rad1 Bxd5 18. Rxd5 Ne7 19. Rdd1 Qb6 20. b3 a4 21. Kh1 axb3 22. axb3 Ra8 23. f4 Bh6 24. Ne3 Ra3 25. Ng4 Rxb3 26. Nxh6+ gxh6 27. Qh5 Ng6 28. f5 Ne7 29. f6 Ng6 30. Qxh6 1-0

[Event "EYCC Open-U18 2019"]
[Site "Bratislava"]
[Date "2019.08.03"]
[Round "2.10"]
[White "Halfhide, Sebastian"]
[Black "Salemgareev, Tagir"]
[Result "0-1"]
[ECO "A13"]
[WhiteElo "2286"]
[BlackElo "2412"]
[Annotator "NA"]
[PlyCount "86"]
[EventDate "2019.08.02"]
[EventType "swiss"]
[EventCountry "SVK"]
[SourceTitle "playchess.com"]
[Source "ChessBase"]
[SourceQuality "1"]
[TimeControl "40/5400+30:1800+30"]

1. c4 e6 2. Nf3 d5 3. g3 d4 4. Bg2 c5 5. O-O Nc6 6. e3 Nf6 7. exd4 cxd4 8. d3 Be7 9. Na3 O-O 10. Nc2 Re8 11. Rb1 e5 12. Re1 Bf8 13. Bg5 Bd7 14. b4 h6 15. b5 hxg5 16. bxc6 Bxc6 17. Nxe5 Bxg2 18. Kxg2 Qc7 19. Nf3 Rxe1 20. Ncxe1 g4 21. Nxd4 Rd8 22. Nb3 a5 23. Kg1 Qe5 24. Ng2 a4 25. Nc1 Bc5 26. Qxa4 Nh7 27. Qd1 Qf5 28. Ne3 Bxe3 29. fxe3 Ng5 30. Kg2 Qe4+ 31. dxe4 Rxd1 32. Ra1 Rd2+ 33. Kf1 Rxh2 34. Nb3 Nxe4 35. a4 Nd2+ 36. Kg1 Nxb3 37. Rb1 Nd2 38. Rxb7 Nf3+ 39. Kf1 Ra2 40. Rb4 Nd2+ 41. Kg1 Ne4 42. c5 Nxc5 43. Rxg4 Rxa4 0-1

[Event "EYCC Open-U18 2019"]
[Site "Bratislava"]
[Date "2019.08.03"]
[Round "2.11"]
[White "Gaifullin, Artur"]
[Black "Papp, Levente"]
[Result "1/2-1/2"]
[ECO "A14"]
[WhiteElo "2453"]
[BlackElo "2362"]
[Annotator "ChessBase"]
[PlyCount "84"]
[EventDate "2019.08.02"]
[EventType "swiss"]
[EventCountry "SVK"]
[SourceTitle "playchess.com"]
[Source "ChessBase"]
[SourceQuality "1"]
[TimeControl "40/5400+30:1800+30"]

1. Nf3 Nf6 2. c4 e6 3. g3 d5 4. Bg2 Be7 5. O-O O-O 6. b3 c5 7. Bb2 d4 8. e3 Nc6 9. exd4 cxd4 10. Re1 Re8 11. d3 Bb4 12. Re2 a5 13. a3 Bf8 14. Ne5 Nxe5 15. Rxe5 Bd6 16. Re1 e5 17. Nd2 Rb8 18. Qc2 b6 19. Ne4 Nxe4 20. Bxe4 Qd7 21. Qe2 Bb7 22. Rab1 f5 23. Bxb7 Qxb7 24. Qd2 Qf3 25. b4 axb4 26. axb4 Ra8 27. Rbc1 Rac8 28. Ra1 Ra8 29. Rxa8 Rxa8 30. c5 bxc5 31. bxc5 Bc7 32. Rc1 Rb8 33. Ba3 Qd5 34. c6 h6 35. Bb4 Kh7 36. Rc5 Qf3 37. Rc1 Rb5 38. Bf8 Qd5 39. Qe2 Kg8 40. Be7 Rb6 41. Qc2 Qe6 42. Ba3 Qd5 1/2-1/2

[Event "EYCC Open-U18 2019"]
[Site "Bratislava"]
[Date "2019.08.03"]
[Round "2.12"]
[White "Crevatin, Leo"]
[Black "Murzin, Volodar"]
[Result "0-1"]
[ECO "E70"]
[WhiteElo "2146"]
[BlackElo "2429"]
[Annotator "NA"]
[PlyCount "90"]
[EventDate "2019.08.02"]
[EventType "swiss"]
[EventCountry "SVK"]
[SourceTitle "playchess.com"]
[Source "ChessBase"]
[SourceQuality "1"]
[TimeControl "40/5400+30:1800+30"]

1. d4 Nf6 2. c4 g6 3. Nc3 Bg7 4. e4 O-O 5. Be3 d6 6. f3 Nbd7 7. Qd2 a6 8. O-O-O e5 9. g4 b5 10. h4 h5 11. g5 b4 12. Na4 Nh7 13. d5 a5 14. c5 Nxc5 15. Nxc5 dxc5 16. Bxc5 Re8 17. Kb1 Bd7 18. Nh3 Qc8 19. Nf2 c6 20. dxc6 Qxc6 21. Qd6 Qc8 22. Bb6 Nf8 23. Rc1 Qb7 24. Bc4 Be6 25. Bd5 Bxd5 26. exd5 Qa6 27. Ne4 Rac8 28. Bc7 Qd3+ 29. Ka1 Qxf3 30. Rce1 a4 31. Rhf1 Qh3 32. Ba5 a3 33. Bxb4 axb2+ 34. Kxb2 Qd3 35. Nc5 e4+ 36. Rf6 Bxf6+ 37. Qxf6 Rxc5 38. Bxc5 Rb8+ 39. Ka1 Nd7 40. Qd4 Nxc5 41. Qxc5 Qd2 42. Rb1 Rxb1+ 43. Kxb1 e3 44. Qc8+ Kh7 45. Qc2 Qf2 0-1

[Event "EYCC Open-U18 2019"]
[Site "Bratislava"]
[Date "2019.08.03"]
[Round "2.13"]
[White "Zarubitski, Viachaslau"]
[Black "Galiana Fernandez, Adrian"]
[Result "1-0"]
[ECO "C65"]
[WhiteElo "2424"]
[BlackElo "2302"]
[Annotator "NA"]
[PlyCount "72"]
[EventDate "2019.08.02"]
[EventType "swiss"]
[EventCountry "SVK"]
[SourceTitle "playchess.com"]
[Source "ChessBase"]
[SourceQuality "1"]
[TimeControl "40/5400+30:1800+30"]

1. e4 e5 2. Nf3 Nc6 3. Bb5 Nf6 4. d3 Bc5 5. Bxc6 dxc6 6. Nc3 O-O 7. h3 Re8 8. Be3 Bf8 9. Qd2 a5 10. O-O a4 11. a3 c5 12. Rae1 Nd7 13. Nh2 Nb8 14. f4 exf4 15. Bxf4 Be6 16. Nf3 h6 17. Qf2 Nc6 18. Nb5 Bd6 19. Nxd6 cxd6 20. Qg3 Qf6 21. Bxd6 Qxb2 22. Bxc5 Qxc2 23. d4 Bc4 24. Rf2 Qc3 25. Qc7 Rad8 26. d5 Ne5 27. Bb4 Nxf3+ 28. Rxf3 Qd4+ 29. Kh1 Bxd5 30. exd5 Rxe1+ 31. Bxe1 Qxd5 32. Rxf7 Qxf7 33. Qxd8+ Kh7 34. Qd3+ Kg8 35. Qd8+ Kh7 36. Qd3+ Kg8 1-0

[Event "EYCC Open-U18 2019"]
[Site "Bratislava"]
[Date "2019.08.03"]
[Round "2.14"]
[White "Golikov, Daniil"]
[Black "Mitsis, Georgios"]
[Result "1-0"]
[ECO "A46"]
[WhiteElo "2257"]
[BlackElo "2399"]
[Annotator "NA"]
[PlyCount "57"]
[EventDate "2019.08.02"]
[EventType "swiss"]
[EventCountry "SVK"]
[SourceTitle "playchess.com"]
[Source "ChessBase"]
[SourceQuality "1"]
[TimeControl "40/5400+30:1800+30"]

1. d4 Nf6 2. Nf3 e6 3. g3 c5 4. Bg2 cxd4 5. Nxd4 d5 6. O-O e5 7. Nf3 Nc6 8. c4 d4 9. e3 Be7 10. exd4 exd4 11. Bf4 O-O 12. Ne5 Qb6 13. Qb3 Be6 14. Nd2 Rac8 15. Qxb6 axb6 16. Ndf3 Nxe5 17. Nxe5 Bxc4 18. Nxc4 Rxc4 19. Rfc1 Rfc8 20. Bxb7 Rxc1+ 21. Rxc1 Rxc1+ 22. Bxc1 Nd7 23. Bd5 Ne5 24. Be4 d3 25. a3 Bc5 26. Kf1 Bd4 27. b3 Bc3 28. Be3 Bb2 29. a4 1-0

[Event "EYCC Open-U18 2019"]
[Site "Bratislava"]
[Date "2019.08.03"]
[Round "2.15"]
[White "Bronstein, Or"]
[Black "Zabolotnov, Evgeny"]
[Result "1/2-1/2"]
[ECO "B11"]
[WhiteElo "2378"]
[BlackElo "2284"]
[Annotator "NA"]
[PlyCount "81"]
[EventDate "2019.08.02"]
[EventType "swiss"]
[EventCountry "SVK"]
[SourceTitle "playchess.com"]
[Source "ChessBase"]
[SourceQuality "1"]
[TimeControl "40/5400+30:1800+30"]

1. e4 c6 2. Nf3 d5 3. Nc3 Bg4 4. h3 Bh5 5. exd5 cxd5 6. g4 Bg6 7. Ne5 Nc6 8. d4 e6 9. h4 f6 10. h5 fxe5 11. hxg6 h6 12. dxe5 Nge7 13. Bd3 Nxe5 14. Bb5+ N7c6 15. Qe2 Bd6 16. f4 Nxg6 17. Qxe6+ Qe7 18. Qxe7+ Ngxe7 19. Bd2 O-O 20. f5 Bg3+ 21. Kf1 Rac8 22. Kg2 Be5 23. Rae1 Bf6 24. Rh3 a6 25. Ba4 Rfd8 26. Ne2 Ne5 27. Nf4 b5 28. Bb3 Nxg4 29. Re6 Nxf5 30. Ba5 Rd6 31. Nxd5 Kh7 32. Re4 Ne5 33. Bb4 Rdc6 34. Rf4 Rxc2+ 35. Bxc2 Rxc2+ 36. Kf1 Rc1+ 37. Ke2 Kg6 38. Re4 Nd7 39. Nf4+ Kf7 40. Bd2 Rg1 41. Be1 1/2-1/2

[Event "EYCC Open-U18 2019"]
[Site "Bratislava"]
[Date "2019.08.03"]
[Round "2.16"]
[White "Garanin, Aleksei"]
[Black "Gorshtein, Ido"]
[Result "1/2-1/2"]
[ECO "B12"]
[WhiteElo "2192"]
[BlackElo "2367"]
[Annotator "NA"]
[PlyCount "104"]
[EventDate "2019.08.02"]
[EventType "swiss"]
[EventCountry "SVK"]
[SourceTitle "playchess.com"]
[Source "ChessBase"]
[SourceQuality "1"]
[TimeControl "40/5400+30:1800+30"]

1. e4 c6 2. d4 d5 3. e5 Bf5 4. Nd2 e6 5. Nb3 Nd7 6. Nf3 Qc7 7. Be2 Ne7 8. O-O h6 9. Ne1 c5 10. Nxc5 Nxc5 11. dxc5 Nc6 12. Nd3 Bxd3 13. Bxd3 Qxe5 14. Re1 Qf6 15. Be3 d4 16. Bd2 Bxc5 17. Qh5 Bd6 18. Re4 O-O-O 19. c3 Bc7 20. cxd4 Rd5 21. Qh3 Rhd8 22. Rc1 Kb8 23. Bc3 Nxd4 24. Bc4 R5d6 25. a4 Qg5 26. Rf1 Qc5 27. b3 Nf5 28. Re5 Qa3 29. Rb5 Rb6 30. Bb4 Qb2 31. Rxb6 axb6 32. Bc3 Qc2 33. Qf3 g6 34. Bf6 Rd7 35. Bb5 Rd6 36. Bc4 h5 37. Bb5 Qc5 38. Re1 Rd2 39. Rf1 Qd6 40. g3 Qc5 41. Rd1 Rxd1+ 42. Qxd1 Bd6 43. Qd3 Ka7 44. Qc3 Qd5 45. Qd3 Qc5 46. Qc3 Be7 47. Be5 Qd5 48. Bc4 Qd1+ 49. Kg2 Bd6 50. Bf6 Bc5 51. Bd3 Qg4 52. h3 Qb4 1/2-1/2

[Event "EYCC Open-U18 2019"]
[Site "Bratislava"]
[Date "2019.08.03"]
[Round "2.17"]
[White "Kaasen, Tor Fredrik"]
[Black "Mladek, Richard"]
[Result "1-0"]
[ECO "A22"]
[WhiteElo "2376"]
[BlackElo "2253"]
[Annotator "NA"]
[PlyCount "53"]
[EventDate "2019.08.02"]
[EventType "swiss"]
[EventCountry "SVK"]
[SourceTitle "playchess.com"]
[Source "ChessBase"]
[SourceQuality "1"]
[TimeControl "40/5400+30:1800+30"]

1. c4 Nf6 2. Nc3 e5 3. g3 d5 4. cxd5 Nxd5 5. Bg2 Nb6 6. Nf3 Nc6 7. a3 Be7 8. b4 a6 9. d3 O-O 10. O-O Bg4 11. Be3 Re8 12. Rc1 Bf8 13. Ne4 a5 14. Nc5 axb4 15. Nxb7 Qb8 16. Rxc6 Qxb7 17. Rxb6 cxb6 18. Nxe5 Qc8 19. Nxg4 Rxa3 20. h3 h5 21. Nh2 Bc5 22. d4 Bd6 23. Nf3 Qc4 24. Nd2 Qb5 25. Ne4 Bf8 26. Qb1 Qa4 27. Ng5 1-0

[Event "EYCC Open-U18 2019"]
[Site "Bratislava"]
[Date "2019.08.03"]
[Round "2.18"]
[White "Kukas, Oliver"]
[Black "Gatineau, Yovann"]
[Result "1-0"]
[ECO "A45"]
[WhiteElo "2082"]
[BlackElo "2364"]
[Annotator "NA"]
[PlyCount "69"]
[EventDate "2019.08.02"]
[EventType "swiss"]
[EventCountry "SVK"]
[SourceTitle "playchess.com"]
[Source "ChessBase"]
[SourceQuality "1"]
[TimeControl "40/5400+30:1800+30"]

1. d4 Nf6 2. Bf4 e6 3. Nf3 c5 4. e3 cxd4 5. exd4 b6 6. Bd3 Bb7 7. Nbd2 Be7 8. c3 O-O 9. Qe2 d6 10. O-O-O Nbd7 11. h4 Qc7 12. Rhg1 Rfe8 13. Ng5 Nf8 14. g4 Rac8 15. Nde4 Nd5 16. Bd2 e5 17. Kb1 Ng6 18. Qf3 Bxg5 19. hxg5 Ndf4 20. Bxf4 exf4 21. Rde1 Re6 22. d5 Re5 23. Qh3 Bxd5 24. Rh1 Rce8 25. f3 Qc6 26. Rd1 Qa4 27. a3 Qb3 28. Nf6+ gxf6 29. Qxh7+ Kf8 30. gxf6 Qxd1+ 31. Rxd1 R8e6 32. Qg7+ Ke8 33. Bxg6 fxg6 34. f7+ Ke7 35. f8=Q# 1-0

[Event "EYCC Open-U18 2019"]
[Site "Bratislava"]
[Date "2019.08.03"]
[Round "2.19"]
[White "Baenziger, Fabian"]
[Black "Boev, Viktor"]
[Result "1-0"]
[ECO "A06"]
[WhiteElo "2352"]
[BlackElo "2246"]
[Annotator "NA"]
[PlyCount "71"]
[EventDate "2019.08.02"]
[EventType "swiss"]
[EventCountry "SVK"]
[SourceTitle "playchess.com"]
[Source "ChessBase"]
[SourceQuality "1"]
[TimeControl "40/5400+30:1800+30"]

1. Nf3 d5 2. g3 Bf5 3. Bg2 e6 4. O-O h6 5. d3 Nf6 6. Nfd2 Be7 7. e4 Bh7 8. Nc3 O-O 9. f4 Nc6 10. g4 Nd4 11. Kh1 c6 12. Ncb1 c5 13. c3 Nc6 14. Qe2 b5 15. a4 b4 16. Qf3 Rc8 17. h4 dxe4 18. dxe4 Nd7 19. g5 hxg5 20. hxg5 e5 21. Nc4 exf4 22. Rd1 Bxg5 23. Bh3 Rc7 24. Bxf4 Qf6 25. Bf5 Bxf4 26. Qxf4 Bxf5 27. exf5 Nde5 28. Rd6 Qe7 29. f6 gxf6 30. Nbd2 Kg7 31. Ne3 Rh8+ 32. Kg1 Rh5 33. Ne4 Ng6 34. Nf5+ Kf8 35. Nxe7 Nxf4 36. Nxc6 1-0

[Event "EYCC Open-U18 2019"]
[Site "Bratislava"]
[Date "2019.08.03"]
[Round "2.20"]
[White "Vardanyan, Aras"]
[Black "Stijve, Theo"]
[Result "1-0"]
[ECO "D86"]
[WhiteElo "2027"]
[BlackElo "2336"]
[Annotator "NA"]
[PlyCount "69"]
[EventDate "2019.08.02"]
[EventType "swiss"]
[EventCountry "SVK"]
[SourceTitle "playchess.com"]
[Source "ChessBase"]
[SourceQuality "1"]
[TimeControl "40/5400+30:1800+30"]

1. d4 Nf6 2. c4 g6 3. Nc3 d5 4. cxd5 Nxd5 5. e4 Nxc3 6. bxc3 Bg7 7. Bc4 c5 8. Ne2 Nc6 9. Be3 O-O 10. O-O b6 11. Qd2 Bb7 12. Bh6 Bxh6 13. Qxh6 cxd4 14. f4 e5 15. Rf3 Qf6 16. fxe5 Qg7 17. Qxg7+ Kxg7 18. cxd4 Rac8 19. Bd5 Ba6 20. Bxc6 Rxc6 21. Nf4 Rc4 22. Ra3 Bc8 23. Rd1 a5 24. Nd5 Rc6 25. Nf6 Rd8 26. Rad3 Ba6 27. d5 Rc5 28. R3d2 b5 29. g4 h6 30. h4 b4 31. g5 h5 32. e6 Kf8 33. Nd7+ Rxd7 34. exd7 Ke7 35. Rf2 1-0

[Event "EYCC Open-U18 2019"]
[Site "Bratislava"]
[Date "2019.08.03"]
[Round "2.21"]
[White "Fus, Jakub"]
[Black "Ghersinich, Enrico"]
[Result "1-0"]
[ECO "A57"]
[WhiteElo "2341"]
[BlackElo "2221"]
[Annotator "NA"]
[PlyCount "73"]
[EventDate "2019.08.02"]
[EventType "swiss"]
[EventCountry "SVK"]
[SourceTitle "playchess.com"]
[Source "ChessBase"]
[SourceQuality "1"]
[TimeControl "40/5400+30:1800+30"]

1. d4 Nf6 2. c4 c5 3. d5 b5 4. cxb5 a6 5. e3 g6 6. Nc3 Bg7 7. Nf3 O-O 8. a4 Bb7 9. Ra3 e6 10. dxe6 fxe6 11. Be2 d5 12. O-O Qe7 13. Re1 Kh8 14. Bd3 e5 15. e4 d4 16. Nb1 axb5 17. axb5 Nbd7 18. Nbd2 Nb6 19. b3 Bh6 20. Rxa8 Rxa8 21. Nc4 Ra1 22. Qe2 Nxc4 23. Bxh6 Rxe1+ 24. Nxe1 Nd6 25. f3 Nh5 26. Bc1 Bc8 27. Qa2 Be6 28. Qa8+ Kg7 29. Qc6 Nb7 30. b6 Bxb3 31. Ba6 Nd8 32. Qc7 Kf8 33. Ba3 Ke8 34. Bb5+ Kf7 35. Bxc5 Qxc7 36. bxc7 Be6 37. cxd8=Q 1-0

[Event "EYCC Open-U18 2019"]
[Site "Bratislava"]
[Date "2019.08.03"]
[Round "2.22"]
[White "Kaspar, Lukas"]
[Black "Chylewski, Patryk"]
[Result "0-1"]
[ECO "A01"]
[WhiteElo "1886"]
[BlackElo "2376"]
[Annotator "NA"]
[PlyCount "78"]
[EventDate "2019.08.02"]
[EventType "swiss"]
[EventCountry "SVK"]
[SourceTitle "playchess.com"]
[Source "ChessBase"]
[SourceQuality "1"]
[TimeControl "40/5400+30:1800+30"]

1. b3 d5 2. Bb2 Bg4 3. g3 c6 4. Bg2 Nd7 5. Nf3 Ngf6 6. c4 e6 7. O-O Bd6 8. d4 O-O 9. Nc3 Qe7 10. Re1 dxc4 11. bxc4 e5 12. d5 cxd5 13. Nxd5 Nxd5 14. cxd5 Bxf3 15. Bxf3 b5 16. Rc1 Nb6 17. Qb3 Rab8 18. e4 Na4 19. Rc2 a5 20. Be2 Nc5 21. Qe3 b4 22. Rec1 b3 23. axb3 Nxb3 24. Rd1 Bc5 25. Qd3 Qf6 26. Bf1 Rfd8 27. Bc3 a4 28. Qa6 Qf3 29. Qe2 Bxf2+ 30. Qxf2 Qxd1 31. Bxe5 Rbc8 32. Ra2 Rc1 33. Bf4 Ra1 34. Rc2 Qd4 35. Bg5 f6 36. Bf4 Qxe4 37. Rc7 Nd4 38. Be3 Nf3+ 39. Kg2 Nd2+ 0-1

[Event "EYCC Open-U18 2019"]
[Site "Bratislava"]
[Date "2019.08.03"]
[Round "2.23"]
[White "Pantzar, Milton"]
[Black "Brinovec, David"]
[Result "1-0"]
[ECO "D45"]
[WhiteElo "2357"]
[BlackElo "2205"]
[Annotator "NA"]
[PlyCount "85"]
[EventDate "2019.08.02"]
[EventType "swiss"]
[EventCountry "SVK"]
[SourceTitle "playchess.com"]
[Source "ChessBase"]
[SourceQuality "1"]
[TimeControl "40/5400+30:1800+30"]

1. d4 d5 2. c4 e6 3. Nc3 c6 4. e3 Nf6 5. Nf3 Nbd7 6. Qc2 Bd6 7. b3 O-O 8. Bb2 Qe7 9. Be2 b6 10. O-O Bb7 11. Rad1 Rad8 12. Rfe1 c5 13. cxd5 exd5 14. Qf5 Rfe8 15. Bd3 Bb8 16. Bb1 g6 17. Qh3 Nf8 18. Qh4 Ne6 19. Ng5 Nxg5 20. Qxg5 cxd4 21. Nb5 Ne4 22. Qxe7 Rxe7 23. Bxd4 Rc8 24. Rc1 Ree8 25. f3 Nc5 26. Kf2 Ne6 27. Bf6 Rc5 28. Nd4 Rec8 29. Rcd1 Kf8 30. h4 Ng7 31. g4 h6 32. Bxg7+ Kxg7 33. h5 Re8 34. Rg1 Rc3 35. g5 hxg5 36. hxg6 fxg6 37. Rxg5 Kf8 38. Rh1 Be5 39. Bxg6 Bxd4 40. exd4 Ree3 41. Rf5+ Kg7 42. Rg1 Re7 43. Bf7+ 1-0